 Dungeon Crawl Stone Soup version 0.29.0-4-gdea44cf6ec (webtiles) character file.

Game seed: 2110188041749232930

23099 qw the Brawler (level 12, -2/118 HPs)
             Began as a Troll Cinder Acolyte on Sept 2, 2022.
             Was a Follower of Okawaru.
             Slain by a fire elemental (6 damage)
             ... created by the fiery vengeance of Ignis
             ... on level 4 of the Lair of Beasts.
             The game lasted 00:05:43 (11105 turns).

qw the Brawler (Troll Cinder Acolyte)              Turns: 11105, Time: 00:05:43

Health: -2/118     AC: 11    Str: 29    XL:     12   Next: 68%
Magic:  9/12       EV: 11    Int: 10    God:    Okawaru [*.....]
Gold:   245        SH:  5    Dex:  7    Spells: 13/13 levels left

rFire   . . .      SeeInvis .     - Unarmed
rCold   + . .      Faith    .   (no shield)
rNeg    . . .      Spirit   .   r - +2 robe {rC+ rF+}
rPois   +          Reflect  +   (helmet restricted)
rElec   .          Harm     .   a - +4 cloak "Zaekiemm" {Dex+2}
rCorr   .          Rampage  .   (gloves unavailable)
Will    .....                   (boots unavailable)
Stlth   ++........              i - amulet of reflection
HPRegen 1.09/turn               j - ring of poison resistance
MPRegen 0.13/turn               (no ring)

@: about to teleport, heroic, fire susceptible
A: large, unfitting armour, claws 3, regeneration 1, shaggy fur 1, tough skin 1
a: Renounce Religion, Heroism


You were on level 4 of the Lair of Beasts.
You worshipped Okawaru.
Okawaru was aware of your devotion.
You visited 3 branches of the dungeon, and saw 14 of its levels.

You collected 874 gold pieces.
You spent 629 gold pieces at shops.


Innate Abilities, Weirdness & Mutations

You are too large for most types of armour.
You have claws for hands.
Your natural rate of healing is unusually fast.
You are covered in fur. (AC +1)
You have tough skin. (AC +1)


   Skills:
 + Level 7.0(12.0) Fighting
 - Level 7.0(12.0) Throwing
 - Level 1.3(6.3) Armour
 - Level 2.0(7.0) Dodging
 - Level 18.0(23.0) Unarmed Combat
 - Level 1.0 Spellcasting
 - Level 2.1 Fire Magic
 + Level 1.5 Invocations


You had 13 spell levels left.
You didn't know any spells.
Your spell library contained the following spells:

 Spells                   Type           Power      Damage    Failure   Level
 Scorch                   Fire           8%         2d5       22%         2

Inventory:

Missiles
 d - 17 boomerangs (quivered)
Armour
 a - the +4 cloak "Zaekiemm" (worn) {Dex+2}
   (You bought it in a shop on level 9 of the Dungeon)

   Dex:       It affects your dexterity (+2).
 p - +3 steam dragon scales
 r - a +2 robe of resistance (worn)
 s - the +1 robe "Mupacal" {Fly Slay+2}
   (You bought it in a shop on level 9 of the Dungeon)

   Slay:      It affects your accuracy & damage with ranged weapons and melee
   (+2).
   Fly:       It grants you flight.
Jewellery
 i - an amulet of reflection (around neck)
 j - a ring of poison resistance (left claw)
 o - a +6 ring of intelligence
Scrolls
 e - 3 scrolls of identify
 l - a scroll of brand weapon
 n - 2 scrolls of enchant armour
Potions
 b - a potion of resistance
 c - 11 potions of curing
 h - 2 potions of might
 q - a potion of mutation

Dungeon Overview and Level Annotations

Branches:
Dungeon (9/15)             Temple (1/1) D:4            Lair (4/5) D:9
    Orc (0/2) D:9
  Swamp: Lair:2-3    Shoals: Lair:2-3     Snake: Lair:2-3    Spider: Lair:2-3
  Slime: Lair:4-5

Altars:
Ashenzari
Dithmenos
Elyvilon
Gozag
Nemelex Xobeh
Okawaru
Sif Muna
Trog
Uskayaw
Wu Jian
Xom
The Shining One

Shops:
D:5 (   D:9 [*

Annotations:
D:3 2 transporters, qw's ghost, amateur TrCA
Lair:3 3 runed translucent doors, qw's ghost, journeyman TrCA


Message History

You throw a boomerang. The boomerang hits the cane toad!!
The cane toad is severely wounded.
Throw: 17 boomerangs
Press: ? - help, Q - select action Shift-Dir - straight line, f/p - cane toad You throw a boomerang.
The boomerang hits the cane toad but does no damage.
The cane toad is heavily wounded.
Throw: 17 boomerangs
Press: ? - help, Q - select action Shift-Dir - straight line, f/p - cane toad You throw a boomerang.
The boomerang hits the cane toad!!
You kill the cane toad!
Okawaru accepts your kill.
You start resting.
You feel like a meek peon again. "Burn!
Burn until nothing is left!" 3 fire elementals come into view.
11099 ||| INVOKING Heroism.
You gain the combat prowess of a mighty hero.
You closely miss the fire elemental. You claw the fire elemental!!
The fire elemental is severely damaged.
You eviscerate the fire elemental!!!
You destroy the fire elemental!
That felt strangely unrewarding.
The fire elemental hits you. The fire elemental burns you!
You barely miss the fire elemental. The fire elemental hits you.
The fire elemental burns you! The fire elemental hits you.
The fire elemental burns you!
11103 ||| READING scroll of teleportation.
As you read the scroll of teleportation, it crumbles to dust.
You feel strangely unstable. The fire elemental closely misses you.
The fire elemental hits you. The fire elemental burns you!
You closely miss the fire elemental. The fire elemental barely misses you.
The fire elemental hits you. The fire elemental burns you!
You mangle the fire elemental!!
The fire elemental is severely damaged.
The fire elemental closely misses you. The fire elemental hits you.
The fire elemental burns you!
You die...

### ###.## ####.%%%# ##......###
#.#.#..E..### ###.?.##@E...# #..
# #....#.#....## ###... ##
##.......###.#######...[.. .#
###.#................#...... ##
##..#.......##............... #
#......[...####..............
######..............P..##...#.P.<
..<# ##.?.........#####...#......
...## #........##.# ###.P......


You could see 2 fire elementals.

Vanquished Creatures
  Gastronok (Lair:2)
  2 hydras
  3 death yaks (Lair:4)
  2 lindwurms
  17 elephants
  2 black mambas
  A torpor snail (Lair:1)
  4 cane toads
  5 komodo dragons
  A rime drake (Lair:3)
  2 ice devils (Lair:2)
  A fire elemental (Lair:4)
  14 yaks (Lair:1)
  2 wyverns
  A vampire (D:8)
  3 basilisks
  A steam dragon (D:6)
  Menkaure (D:7)
  12 water moccasins
  3 black bears
  4 orc warriors
  2 ice beasts
  3 ogres
  8 wolves (Lair:2)
  2 centaurs
  2 kobold brigands
  5 bullfrogs
  A necrophage (D:6)
  A gnoll sergeant (D:8)
  4 scorpions
  5 killer bees (D:7)
  4 howler monkeys
  A hound (D:5)
  5 orc priests
  A gnoll bouda (D:4)
  Jessica (D:3)
  3 iguanas
  7 orc wizards
  6 hell rats
  12 gnolls
  5 adders
  4 white imps
  3 worms (D:2)
  A dart slug (D:3)
  43 orcs
  8 bats
  9 endoplasms
  A giant cockroach (D:1)
  14 goblins
  13 hobgoblins
  17 kobolds
  4 quokkas
  6 ball pythons
  3 frilled lizards
  10 rats
296 creatures vanquished.

Vanquished Creatures (others)
  15 fungi
  10 plants
25 creatures vanquished.

Grand Total: 321 creatures vanquished

Notes
Turn   | Place    | Note
-------+----------+-------------------------------------------
     0 | D:1      | qw the Troll Cinder Acolyte began the quest for the Orb.
     0 | D:1      | Reached XP level 1. HP: 22/22 MP: 1/1
     0 | D:1      | 0 ||| qw: Version: 0.1-a-97-g2dd2ca4
     0 | D:1      | 0 ||| qw: Game counter: 5014
     0 | D:1      | 0 ||| qw: Always use a shield: true
     0 | D:1      | 0 ||| qw: God list: Okawaru
     0 | D:1      | 0 ||| qw: Allow faded altars: false
     0 | D:1      | 0 ||| qw: Do Orc after D:15 true
     0 | D:1      | 0 ||| qw: Do second Lair branch before Depths: true
     0 | D:1      | 0 ||| qw: Lair rune preference: random
     0 | D:1      | 0 ||| qw: Plans: Normal
     0 | D:1      | 0 ||| PLANNING D:1-11
   234 | D:1      | Reached XP level 2. HP: 29/29 MP: 2/2
   540 | D:1      | Found a faded altar of an unknown god.
   741 | D:1      | 741 ||| Stepping ~*~*~tactically~*~*~ (stealth).
   745 | D:1      | 745 ||| Stepping ~*~*~tactically~*~*~ (outnumbered).
   767 | D:1      | Reached skill level 4 in Unarmed Combat
  1064 | D:1      | 1064 ||| READING 3 scrolls labelled VIFEGU SOMNEBB.
  1065 | D:1      | 1065 ||| READING scroll labelled UWUF WOGAITU.
  1080 | D:1      | 1080 ||| DRINKING 2 metallic blue potions.
  1174 | D:2      | Reached XP level 3. HP: 36/36 MP: 3/3
  1485 | D:2      | 1485 ||| Stepping ~*~*~tactically~*~*~ (stealth).
  1757 | D:2      | 1757 ||| UPGRADING to ring of poison resistance.
  1758 | D:2      | 1758 ||| READING scroll labelled MIQOUL WICIO.
  1759 | D:2      | 1759 ||| READING 3 scrolls labelled VOAPEICWOOTZ.
  1760 | D:2      | 1760 ||| READING scroll labelled BYKLUS FEPEHANN.
  1764 | D:2      | 1764 ||| READING 3 scrolls of identify.
  1764 | D:2      | 1764 ||| IDENTIFYING brown potion
  1765 | D:2      | 1765 ||| READING 2 scrolls of identify.
  1765 | D:2      | 1765 ||| IDENTIFYING amethyst potion
  1766 | D:2      | 1766 ||| DROPPING potion of brilliance.
  1767 | D:2      | 1767 ||| DROPPING 2 scrolls of butterflies.
  1775 | D:3      | Noticed Jessica
  1776 | D:3      | 1776 ||| STAIRDANCE
  1785 | D:3      | 1785 ||| STAIRDANCE
  1789 | D:2      | 1789 ||| Stepping ~*~*~tactically~*~*~ (outnumbered).
  1790 | D:2      | 1790 ||| Stepping ~*~*~tactically~*~*~ (outnumbered).
  1806 | D:3      | Killed Jessica
  1807 | D:3      | Reached skill level 5 in Unarmed Combat
  1807 | D:3      | Reached XP level 4. HP: 43/44 MP: 4/4
  1841 | D:3      | Found a transporter.
  1863 | D:3      | Noticed qw's ghost (amateur TrCA)
  1906 | D:3      | 1906 ||| Stepping ~*~*~tactically~*~*~ (stealth).
  1919 | D:3      | 1919 ||| Stepping ~*~*~tactically~*~*~ (outnumbered).
  1929 | D:3      | Noticed a scorpion
  1935 | D:3      | Killed a scorpion
  1936 | D:3      | Reached skill level 6 in Unarmed Combat
  1936 | D:3      | Reached XP level 5. HP: 36/50 MP: 5/5
  2010 | D:3      | Found a transporter.
  2047 | D:3      | 2047 ||| FLEEEEING.
  2048 | D:3      | 2048 ||| FLEEEEING.
  2310 | D:3      | 2310 ||| READING 2 scrolls labelled HAMUCWITSOPP.
  2311 | D:3      | 2311 ||| READING 2 scrolls labelled ODDUNNA RYEPSI.
  2312 | D:3      | 2312 ||| READING scroll labelled ZYETIUZ SOABB.
  2313 | D:3      | 2313 ||| DRINKING 2 golden potions.
  2336 | D:3      | 2336 ||| READING 2 scrolls of identify.
  2336 | D:3      | 2336 ||| IDENTIFYING fizzy amethyst potion
  2337 | D:3      | 2337 ||| DROPPING scroll of poison.
  2338 | D:3      | 2338 ||| DROPPING potion of lignification.
  2378 | D:4      | 2378 ||| Stepping ~*~*~tactically~*~*~ (hiding).
  2382 | D:4      | 2382 ||| INVOKING Fiery Armour.
  2389 | D:4      | Reached XP level 6. HP: 58/59 MP: 6/6
  2395 | D:4      | 2395 ||| Stepping ~*~*~tactically~*~*~ (stealth).
  2396 | D:4      | 2396 ||| Stepping ~*~*~tactically~*~*~ (stealth).
  2404 | D:4      | Reached skill level 7 in Unarmed Combat
  2404 | D:4      | 2404 ||| Stepping ~*~*~tactically~*~*~ (hiding).
  2559 | D:4      | Found a staircase to the Ecumenical Temple.
  2613 | D:4      | Found a white marble altar of Elyvilon.
  2627 | D:4      | 2627 ||| Stepping ~*~*~tactically~*~*~ (stealth).
  2703 | D:4      | 2703 ||| INVOKING Fiery Armour.
  2705 | D:4      | 2705 ||| Stepping ~*~*~tactically~*~*~ (stealth).
  2706 | D:4      | 2706 ||| Stepping ~*~*~tactically~*~*~ (stealth).
  2754 | D:4      | Reached skill level 8 in Unarmed Combat
  2754 | D:4      | Reached XP level 7. HP: 52/66 MP: 7/7
  2804 | D:4      | Found a glowing golden altar of the Shining One.
  2823 | D:4      | 2823 ||| Stepping ~*~*~tactically~*~*~ (stealth).
  2830 | D:4      | 2830 ||| Stepping ~*~*~tactically~*~*~ (outnumbered).
  2831 | D:4      | 2831 ||| INVOKING Fiery Armour.
  2833 | D:4      | 2833 ||| Stepping ~*~*~tactically~*~*~ (outnumbered).
  2839 | D:4      | Reached skill level 1 in Throwing
  2840 | D:4      | 2840 ||| Stepping ~*~*~tactically~*~*~ (outnumbered).
  2859 | D:4      | 2859 ||| Stepping ~*~*~tactically~*~*~ (outnumbered).
  2860 | D:4      | 2860 ||| Stepping ~*~*~tactically~*~*~ (outnumbered).
  2861 | D:4      | 2861 ||| Stepping ~*~*~tactically~*~*~ (outnumbered).
  2863 | D:4      | 2863 ||| Stepping ~*~*~tactically~*~*~ (outnumbered).
  2864 | D:4      | 2864 ||| Stepping ~*~*~tactically~*~*~ (outnumbered).
  2865 | D:4      | 2865 ||| Stepping ~*~*~tactically~*~*~ (outnumbered).
  2869 | D:4      | 2869 ||| Stepping ~*~*~tactically~*~*~ (outnumbered).
  2871 | D:4      | 2871 ||| Stepping ~*~*~tactically~*~*~ (outnumbered).
  2875 | D:4      | Reached skill level 3 in Fighting
  3164 | D:4      | 3164 ||| FLEEEEING.
  3165 | D:4      | 3165 ||| FLEEEEING.
  3166 | D:4      | 3166 ||| FLEEEEING.
  3167 | D:4      | 3167 ||| FLEEEEING.
  3168 | D:4      | 3168 ||| FLEEEEING.
  3169 | D:4      | 3169 ||| FLEEEEING.
  3181 | D:4      | 3181 ||| UPGRADING to amulet of regeneration.
  3186 | D:4      | 3186 ||| READING scroll labelled TUVIASI OTARPH.
  3205 | D:5      | Entered Level 5 of the Dungeon
  3330 | D:5      | Reached skill level 9 in Unarmed Combat
  3336 | D:5      | 3336 ||| Stepping ~*~*~tactically~*~*~ (stealth).
  3338 | D:5      | 3338 ||| Stepping ~*~*~tactically~*~*~ (stealth).
  3343 | D:5      | 3343 ||| Stepping ~*~*~tactically~*~*~ (hiding).
  3346 | D:5      | 3346 ||| Stepping ~*~*~tactically~*~*~ (hiding).
  3348 | D:5      | 3348 ||| INVOKING Fiery Armour.
  3373 | D:5      | Reached skill level 1 in Dodging
  3373 | D:5      | Reached XP level 8. HP: 75/75 MP: 8/8
  3541 | D:5      | Found a sparkling altar of Nemelex Xobeh.
  3718 | D:5      | Found Goremieb's Weapon Shoppe.
  3737 | D:5      | 3737 ||| DROPPING ring of magical power.
  3738 | D:5      | 3738 ||| READING scroll labelled YFAUKH ZUZUXE.
  3739 | D:5      | 3739 ||| DRINKING 2 fizzy pink potions.
  3740 | D:5      | 3740 ||| READING 2 scrolls of identify.
  3740 | D:5      | 3740 ||| IDENTIFYING fizzy golden potion
  3741 | D:5      | 3741 ||| DROPPING potion of ambrosia.
  3742 | D:5      | 3742 ||| DROPPING potion of degeneration.
  3800 | D:6      | Found a shadowy altar of Dithmenos.
  3921 | D:6      | 3921 ||| Stepping ~*~*~tactically~*~*~ (hiding).
  3925 | D:6      | 3925 ||| INVOKING Fiery Armour.
  3931 | D:6      | Reached skill level 10 in Unarmed Combat
  4080 | D:6      | 4080 ||| Stepping ~*~*~tactically~*~*~ (hiding).
  4088 | D:6      | 4088 ||| Stepping ~*~*~tactically~*~*~ (stealth).
  4100 | D:6      | Found a shimmering blue altar of Sif Muna.
  4186 | D:6      | Found a hide-covered altar of Uskayaw.
  4526 | D:6      | 4526 ||| UPGRADING to +0 steam dragon scales.
  4536 | D:6      | 4536 ||| DROPPING +0 robe.
  4537 | D:6      | 4537 ||| READING scroll of enchant armour.
  4537 | D:6      | 4537 ||| ENCHANTING +0 steam dragon scales.
  4538 | D:6      | 4538 ||| READING scroll labelled NEMPEY VAIXT.
  4539 | D:6      | 4539 ||| READING 3 scrolls of identify.
  4539 | D:6      | 4539 ||| IDENTIFYING blue potion
  4540 | D:6      | 4540 ||| READING 2 scrolls of identify.
  4540 | D:6      | 4540 ||| IDENTIFYING bubbling brown potion
  4541 | D:6      | 4541 ||| DROPPING potion of invisibility.
  4618 | D:7      | Reached skill level 1 in Armour
  4618 | D:7      | Reached XP level 9. HP: 84/84 MP: 9/9
  4696 | D:7      | Noticed Menkaure
  4699 | D:7      | Killed Menkaure
  4705 | D:7      | Reached skill level 11 in Unarmed Combat
  5031 | D:7      | Found a bloodstained altar of Trog.
  5032 | D:7      | 5032 ||| Stepping ~*~*~tactically~*~*~ (stealth).
  5043 | D:7      | 5043 ||| Stepping ~*~*~tactically~*~*~ (stealth).
  5094 | D:7      | Identified the +1 leather armour of Supple Strength {Will++
                  | Str+4}
  5237 | D:7      | 5237 ||| Stepping ~*~*~tactically~*~*~ (hiding).
  5244 | D:7      | 5244 ||| INVOKING Fiery Armour.
  5249 | D:7      | 5249 ||| Stepping ~*~*~tactically~*~*~ (outnumbered).
  5364 | D:7      | 5364 ||| READING scroll labelled BOPRU EFRO.
  5365 | D:7      | 5365 ||| READING 2 scrolls of identify.
  5365 | D:7      | 5365 ||| IDENTIFYING grey potion
  5366 | D:7      | 5366 ||| DROPPING potion of attraction.
  5499 | D:8      | Reached skill level 3 in Throwing
  5688 | D:8      | 5688 ||| Stepping ~*~*~tactically~*~*~ (hiding).
  5749 | D:8      | Found a shimmering altar of Xom.
  5754 | D:8      | 5754 ||| INVOKING Fiery Armour.
  5755 | D:8      | 5755 ||| Stepping ~*~*~tactically~*~*~ (outnumbered).
  5756 | D:8      | 5756 ||| Stepping ~*~*~tactically~*~*~ (outnumbered).
  5757 | D:8      | 5757 ||| Stepping ~*~*~tactically~*~*~ (outnumbered).
  5758 | D:8      | 5758 ||| Stepping ~*~*~tactically~*~*~ (outnumbered).
  5759 | D:8      | 5759 ||| Stepping ~*~*~tactically~*~*~ (outnumbered).
  5779 | D:8      | 5779 ||| READING scroll of enchant armour.
  5779 | D:8      | 5779 ||| ENCHANTING +1 steam dragon scales.
  5857 | D:8      | 5857 ||| Stepping ~*~*~tactically~*~*~ (stealth).
  5917 | D:8      | 5917 ||| Stepping ~*~*~tactically~*~*~ (hiding).
  5920 | D:8      | 5920 ||| Stepping ~*~*~tactically~*~*~ (outnumbered).
  5921 | D:8      | 5921 ||| Stepping ~*~*~tactically~*~*~ (outnumbered).
  5925 | D:8      | 5925 ||| Stepping ~*~*~tactically~*~*~ (outnumbered).
  5928 | D:8      | 5928 ||| Stepping ~*~*~tactically~*~*~ (outnumbered).
  5929 | D:8      | 5929 ||| Stepping ~*~*~tactically~*~*~ (outnumbered).
  5930 | D:8      | 5930 ||| Stepping ~*~*~tactically~*~*~ (outnumbered).
  5931 | D:8      | 5931 ||| Stepping ~*~*~tactically~*~*~ (outnumbered).
  5932 | D:8      | 5932 ||| Stepping ~*~*~tactically~*~*~ (outnumbered).
  5933 | D:8      | 5933 ||| Stepping ~*~*~tactically~*~*~ (outnumbered).
  5934 | D:8      | 5934 ||| Stepping ~*~*~tactically~*~*~ (outnumbered).
  5935 | D:8      | 5935 ||| Stepping ~*~*~tactically~*~*~ (outnumbered).
  5941 | D:8      | Reached skill level 12 in Unarmed Combat
  6082 | D:8      | 6082 ||| DRINKING 9 potions of curing.
  6082 | D:8      | 6082 ||| (to cure confusion)
  6347 | D:8      | 6347 ||| READING scroll labelled COILOD GINUDGH.
  6348 | D:8      | 6348 ||| READING scroll labelled SIUM YSTED.
  6349 | D:8      | 6349 ||| READING 2 scrolls of identify.
  6349 | D:8      | 6349 ||| IDENTIFYING metallic yellow potion
  6416 | D:9      | Found a staircase to the Orcish Mines.
  6418 | D:9      | Found Buqoovat's Armour Shoppe.
  6436 | D:9      | 6436 ||| BUYING +4 cloak "Zaekiemm" {Dex+2} (357 gold).
  6436 | D:9      | Bought the +4 cloak "Zaekiemm" {Dex+2} for 357 gold pieces
  6585 | D:9      | 6585 ||| Stepping ~*~*~tactically~*~*~ (hiding).
  6593 | D:9      | 6593 ||| INVOKING Fiery Armour.
  6640 | D:9      | Found a staircase to the Lair.
  6763 | D:9      | Reached XP level 10. HP: 88/96 MP: 10/10
  6780 | D:9      | 6780 ||| READING scroll of enchant armour.
  6780 | D:9      | 6780 ||| ENCHANTING +2 steam dragon scales.
  6864 | D:9      | 6864 ||| Stepping ~*~*~tactically~*~*~ (outnumbered).
  6870 | D:9      | 6870 ||| Stepping ~*~*~tactically~*~*~ (outnumbered).
  6871 | D:9      | 6871 ||| Stepping ~*~*~tactically~*~*~ (outnumbered).
  7015 | D:9      | Found Qatrifen's Assorted Antiques.
  7024 | D:9      | 7024 ||| BUYING glowing robe (107 gold).
  7024 | D:9      | Bought a glowing robe for 107 gold pieces
  7024 | D:9      | 7024 ||| SHOPLISTING runed shadow dragon scales (2407 gold,
                  | have 198).
  7024 | D:9      | 7024 ||| SHOPLISTING scroll of enchant armour (217 gold,
                  | have 198).
  7024 | D:9      | 7024 ||| BUYING warped robe (165 gold).
  7024 | D:9      | Bought a warped robe for 165 gold pieces
  7024 | D:9      | Identified the +1 robe "Mupacal" {Fly Slay+2} (You bought
                  | it in a shop on level 9 of the Dungeon)
  7180 | D:9      | 7180 ||| PLANNING LAIR
  7180 | D:9      | 7180 ||| UPGRADING to +4 cloak "Zaekiemm" {Dex+2}.
  7185 | D:9      | 7185 ||| UPGRADING to +2 robe of resistance.
  7195 | D:9      | 7195 ||| READING scroll labelled PEODOXZ FEVAS.
  7244 | Lair:1   | Entered Level 1 of the Lair of Beasts
  7253 | Lair:1   | 7253 ||| Stepping ~*~*~tactically~*~*~ (outnumbered).
  7255 | Lair:1   | Reached skill level 13 in Unarmed Combat
  7425 | Lair:1   | Noticed a black mamba
  7431 | Lair:1   | Killed a black mamba
  7432 | Lair:1   | Reached skill level 14 in Unarmed Combat
  7489 | Lair:1   | Noticed a five-headed hydra
  7490 | Lair:1   | 7490 ||| Stepping ~*~*~tactically~*~*~ (hiding).
  7492 | Lair:1   | 7492 ||| INVOKING Fiery Armour.
  7494 | Lair:1   | Killed a five-headed hydra
  7495 | Lair:1   | Reached skill level 6 in Fighting
  7526 | Lair:1   | 7526 ||| Stepping ~*~*~tactically~*~*~ (stealth).
  7769 | Lair:1   | Noticed a cane toad
  7773 | Lair:1   | Killed a cane toad
  7793 | Lair:1   | 7793 ||| Stepping ~*~*~tactically~*~*~ (stealth).
  7803 | Lair:1   | Reached XP level 11. HP: 82/105 MP: 11/11
  7808 | Lair:1   | Reached skill level 15 in Unarmed Combat
  7960 | Lair:1   | Found a dark tunnel.
  7961 | Lair:1   | Noticed a lindwurm
  7967 | Lair:1   | Killed a lindwurm
  8097 | Lair:1   | 8097 ||| UPGRADING to amulet of reflection.
  8107 | Lair:1   | 8107 ||| DROPPING amulet of regeneration.
  8108 | Lair:1   | 8108 ||| READING 4 scrolls of identify.
  8108 | Lair:1   | 8108 ||| IDENTIFYING fuming pink potion
  8109 | Lair:1   | 8109 ||| READING 3 scrolls of identify.
  8109 | Lair:1   | 8109 ||| IDENTIFYING fuming amethyst potion
  8110 | Lair:1   | 8110 ||| DROPPING potion of magic.
  8236 | Lair:2   | 8236 ||| Stepping ~*~*~tactically~*~*~ (stealth).
  8422 | Lair:2   | Noticed Gastronok
  8423 | Lair:2   | 8423 ||| Stepping ~*~*~tactically~*~*~ (stealth).
  8425 | Lair:2   | 8425 ||| Stepping ~*~*~tactically~*~*~ (stealth).
  8467 | Lair:2   | 8467 ||| Stepping ~*~*~tactically~*~*~ (stealth).
  8469 | Lair:2   | 8469 ||| Stepping ~*~*~tactically~*~*~ (stealth).
  8481 | Lair:2   | Reached skill level 16 in Unarmed Combat
  8488 | Lair:2   | 8488 ||| Stepping ~*~*~tactically~*~*~ (stealth).
  8489 | Lair:2   | 8489 ||| Stepping ~*~*~tactically~*~*~ (stealth).
  8490 | Lair:2   | 8490 ||| Stepping ~*~*~tactically~*~*~ (stealth).
  8503 | Lair:2   | 8503 ||| Stepping ~*~*~tactically~*~*~ (outnumbered).
  8504 | Lair:2   | 8504 ||| Stepping ~*~*~tactically~*~*~ (outnumbered).
  8505 | Lair:2   | 8505 ||| INVOKING Fiery Armour.
  8506 | Lair:2   | 8506 ||| Stepping ~*~*~tactically~*~*~ (outnumbered).
  8507 | Lair:2   | 8507 ||| Stepping ~*~*~tactically~*~*~ (outnumbered).
  8508 | Lair:2   | 8508 ||| Stepping ~*~*~tactically~*~*~ (outnumbered).
  8509 | Lair:2   | 8509 ||| Stepping ~*~*~tactically~*~*~ (outnumbered).
  8615 | Lair:2   | 8615 ||| DRINKING potion of cancellation.
  8684 | Lair:2   | 8684 ||| Stepping ~*~*~tactically~*~*~ (stealth).
  8686 | Lair:2   | 8686 ||| Stepping ~*~*~tactically~*~*~ (hiding).
  8702 | Lair:2   | Killed Gastronok
  8742 | Lair:2   | 8742 ||| Stepping ~*~*~tactically~*~*~ (stealth).
  8743 | Lair:2   | 8743 ||| Stepping ~*~*~tactically~*~*~ (stealth).
  8940 | Lair:2   | 8940 ||| Stepping ~*~*~tactically~*~*~ (stealth).
  8946 | Lair:2   | Reached XP level 12. HP: 106/118 MP: 12/12
  8962 | Lair:2   | Reached skill level 17 in Unarmed Combat
  9545 | Lair:3   | 9545 ||| Stepping ~*~*~tactically~*~*~ (hiding).
  9687 | Lair:3   | 9687 ||| Stepping ~*~*~tactically~*~*~ (hiding).
  9737 | Lair:3   | 9737 ||| Stepping ~*~*~tactically~*~*~ (stealth).
  9742 | Lair:3   | 9742 ||| Stepping ~*~*~tactically~*~*~ (outnumbered).
  9751 | Lair:3   | Reached skill level 6 in Throwing
  9752 | Lair:3   | 9752 ||| FLEEEEING.
  9919 | Lair:3   | Noticed a death yak
  9920 | Lair:3   | Found a runed translucent gate.
  9920 | Lair:3   | Found a runed translucent gate.
  9920 | Lair:3   | Found a runed translucent gate.
  9921 | Lair:3   | Noticed qw's ghost (journeyman TrCA)
  9932 | Lair:3   | Noticed an eight-headed hydra
  9933 | Lair:3   | 9933 ||| INVOKING Fiery Armour.
  9937 | Lair:3   | Killed a ten-headed hydra
 10245 | Lair:3   | 10245 ||| READING 4 scrolls of teleportation.
 10287 | Lair:4   | 10287 ||| STAIRDANCE
 10319 | Lair:4   | 10319 ||| STAIRDANCE
 10323 | Lair:3   | 10323 ||| INVOKING Fiery Armour.
 10436 | Lair:4   | 10436 ||| STAIRDANCE
 10502 | Lair:4   | 10502 ||| Stepping ~*~*~tactically~*~*~ (stealth).
 10506 | Lair:4   | 10506 ||| Stepping ~*~*~tactically~*~*~ (outnumbered).
 10507 | Lair:4   | 10507 ||| Stepping ~*~*~tactically~*~*~ (outnumbered).
 10522 | Lair:4   | 10522 ||| INVOKING Fiery Armour.
 10610 | Lair:4   | 10610 ||| Stepping ~*~*~tactically~*~*~ (stealth).
 10627 | Lair:4   | 10627 ||| PLANNING TEMPLE
 10792 | Temple   | Entered the Ecumenical Temple
 10807 | Temple   | 10807 ||| PLANNING CONVERSION TO OKAWARU
 10814 | Temple   | Fell from the grace of Ignis
 10814 | Temple   | Became a worshipper of Warmaster Okawaru
 10815 | Temple   | 10815 ||| PLANNING LAIR
 11037 | Lair:4   | Noticed a death yak
 11037 | Lair:4   | Noticed a death yak
 11037 | Lair:4   | Noticed a death yak
 11038 | Lair:4   | 11038 ||| Stepping ~*~*~tactically~*~*~ (stealth).
 11039 | Lair:4   | Noticed a death yak
 11040 | Lair:4   | Noticed a death yak
 11040 | Lair:4   | Noticed a death yak
 11041 | Lair:4   | Killed a death yak
 11045 | Lair:4   | 11045 ||| Stepping ~*~*~tactically~*~*~ (outnumbered).
 11046 | Lair:4   | 11046 ||| Stepping ~*~*~tactically~*~*~ (outnumbered).
 11048 | Lair:4   | 11048 ||| Stepping ~*~*~tactically~*~*~ (outnumbered).
 11049 | Lair:4   | 11049 ||| Stepping ~*~*~tactically~*~*~ (outnumbered).
 11050 | Lair:4   | 11050 ||| Stepping ~*~*~tactically~*~*~ (outnumbered).
 11057 | Lair:4   | Killed a death yak
 11057 | Lair:4   | Reached * piety under Okawaru
 11058 | Lair:4   | 11058 ||| INVOKING Heroism.
 11058 | Lair:4   | HP: 26/118 [death yak (10)]
 11059 | Lair:4   | 11059 ||| READING 3 scrolls of teleportation.
 11060 | Lair:4   | 11060 ||| DRINKING potion of heal wounds.
 11064 | Lair:4   | Killed a death yak
 11065 | Lair:4   | Reached skill level 18 in Unarmed Combat
 11065 | Lair:4   | Reached skill level 1 in Invocations
 11065 | Lair:4   | 11065 ||| READING 2 scrolls of teleportation.
 11065 | Lair:4   | HP: 12/118 [death yak (9)]
 11066 | Lair:4   | 11066 ||| Stepping ~*~*~tactically~*~*~ (outnumbered).
 11067 | Lair:4   | 11067 ||| Stepping ~*~*~tactically~*~*~ (stealth).
 11070 | Lair:4   | 11070 ||| INVOKING Heroism.
 11083 | Lair:4   | 11083 ||| INVOKING Heroism.
 11099 | Lair:4   | 11099 ||| INVOKING Heroism.
 11102 | Lair:4   | HP: 24/118 [fire elemental[the fiery vengeance of Ignis]
                  | (12)]
 11103 | Lair:4   | 11103 ||| READING scroll of teleportation.
 11103 | Lair:4   | HP: 9/118 [fire elemental[the fiery vengeance of Ignis]
                  | (7)]
 11104 | Lair:4   | HP: 3/118 [fire elemental[the fiery vengeance of Ignis]
                  | (6)]
 11105 | Lair:4   | Slain by a fire elemental

Levels and vault maps discovered:
D:1:      spicycebolla_arrival_xxxplode, layout_basic,
          chequers_ecumenical_altar_lobes, serial_bayou_crossing
D:2:      layout_basic, due_unseen_surprise
D:3:      layout_rooms, gammafunk_ghost_stat_death, uniq_jessica
D:4:      layout_basic, mainiacjoe_overflow_paths, elyvilon_altar_3,
          minmay_temple_entry_tees, minmay_misc_feat_five, minmay_goblin_outpost
D:5:      layout_loops_ring, mainiacjoe_overflow_surrounded_room, serial_shops,
          kennysheep_little_box
D:6:      layout_basic, lemuel_crystal_altar, hangedman_feature_mirror
D:7:      layout_basic, trog_hazing_becter, uniq_menkaure
D:8:      layout_basic, mainiacjoe_overflow_concentric_impassable,
          nzn_life_drinkers
D:9:      layout_cave_pods, david_lair_generic, orc_david_3, serial_shops, shop
Temple:   regret_index_temple_sphere_string
Lair:1:   layout_loops_ring, nicolae_volcano_entry_vermiform, grunt_megastairs_5
Lair:2:   layout_regular_city, portal_ice_cave_demonic_guard,
          beast_lair_carwin_4, uniq_gastronok
Lair:3:   layout_cave_pods, palyth_hydra_swamp_entry,
          nicolae_spider_entry_non_spiders, gammafunk_ghost_split
Lair:4:   layout_misc_corridors, nicolae_slime_entry_slimehenge

Skill      XL: |  1  2  3  4  5  6  7  8  9 10 11 12 |
---------------+-------------------------------------+-----
Unarmed Combat | 4 5 6 8 9 10 12 14 16 18 | 18.0
Throwing       | 2 3 4 7 |  7.0
Fighting       | 3 4 5 6 7 |  7.0
Dodging        | 1 2 |  2.0
Armour         | 1 |  1.3
Invocations    | 1 |  1.5
Spellcasting   | |  1.0
Fire Magic     | |  2.1

Action                   |  1- 3 |  4- 6 |  7- 9 | 10-12 || total
-------------------------+-------+-------+-------+-------++-------
Melee: Unarmed           |   117 |    79 |   256 |   334 ||   786
       Punch             |     3 |     3 |     5 |    34 ||    45
Throw: Boomerang         |    34 |    22 |    14 |    22 ||    92
       Javelin           |       |       |    67 |    29 ||    96
       Large rock        |       |       |       |    16 ||    16
Invok: Fiery Armour      |       |     2 |     6 |     5 ||    13
       Heroism           |       |       |       |     4 ||     4
  Use: Scroll            |     7 |     4 |    13 |     8 ||    32
       Potion            |     1 |     1 |     2 |     2 ||     6
Armor: Robe              |    39 |    20 |    42 |   141 ||   242
       Steam dragon scal |       |       |    52 |    16 ||    68
Dodge: Dodged            |    57 |    18 |   107 |   106 ||   288
Block: Other             |       |       |       |    47 ||    47

Table legend:
 A = Non-vault XP
 B = Vault XP
 C = Vault XP percentage of total XP
 D = Non-vault monster count
 E = Vault monster count
 F = Vault count percentage of total count
                 A         B        C        D         E       F
            +---------+---------+-------+---------+---------+-------
      Total |   27786 |    5213 |  15.8 |     257 |      38 |  12.9
            +---------+---------+-------+---------+---------+-------
        D:1 |      39 |       0 |   0.0 |      26 |       0 |   0.0
        D:2 |      52 |       0 |   0.0 |      25 |       0 |   0.0
        D:3 |     232 |      37 |  13.8 |      20 |       1 |   4.8
        D:4 |     596 |      24 |   3.9 |      20 |      13 |  39.4
        D:5 |     683 |       0 |   0.0 |      14 |       0 |   0.0
        D:6 |    1001 |       0 |   0.0 |      21 |       0 |   0.0
        D:7 |     693 |     179 |  20.5 |      24 |       7 |  22.6
        D:8 |     896 |     201 |  18.3 |      20 |       1 |   4.8
        D:9 |     646 |     465 |  41.9 |      14 |       5 |  26.3
     Lair:1 |    5703 |    1029 |  15.3 |      22 |       2 |   8.3
     Lair:2 |    6459 |    3276 |  33.7 |      22 |       8 |  26.7
     Lair:3 |    5119 |       0 |   0.0 |      15 |       0 |   0.0
     Lair:4 |    5667 |       2 |   0.0 |      14 |       1 |   6.7
            +---------+---------+-------+---------+---------+-------
